 Dungeon Crawl Stone Soup version 0.19.5 (webtiles) character file.

115 Goblin1989 the Firebug (level 4, -1/30 HPs)
             Began as a Demonspawn Fire Elementalist on May 2, 2017.
             Slain by an orc
             ... wielding a +0 hand axe
              (7 damage)
             ... on level 3 of the Dungeon.
             The game lasted 00:09:39 (2501 turns).

Goblin1989 the Firebug (DsFE)                       Turns: 2501, Time: 00:09:40

Health: -1/30      AC:  3    Str:  8    XL:     4   Next: 68%
Magic:  1/7        EV: 12    Int: 18    God:
Gold:   122        SH:  0    Dex: 13    Spells: 2 memorised, 4 levels left

rFire  . . .     SeeInvis .     h - +2 dagger (speed)
rCold  . . .     Gourm    .     a - +0 robe
rNeg   . . .     Faith    .     (no shield)
rPois  .         Spirit   .     (no helmet)
rElec  .         Reflect  .     s - +0 cloak
rCorr  .         Harm     .     (no gloves)
MR     .....                    (no boots)
Stlth  ++........               (no amulet)
                                (no ring)
                                (no ring)

@: no status effects
A: powered by death 2
a: no special abilities


You were on level 3 of the Dungeon.
You were not hungry.

You visited 1 branch of the dungeon, and saw 3 of its levels.

You collected 122 gold pieces.

Inventory:

Hand Weapons
 h - a +2 dagger of speed (weapon)
Missiles
 f - 50 bolts
 n - 23 arrows
 o - 70 stones (quivered)
 x - 24 sling bullets
 y - 22 poisoned needles
Armour
 a - a +0 robe (worn)
 s - a +0 cloak (worn)
Jewellery
 v - an uncursed ring of wizardry {unknown}
Scrolls
 d - 2 scrolls of noise {unknown}
 g - a scroll of random uselessness {unknown}
 j - 3 scrolls of identify {unknown}
 p - a scroll of remove curse {unknown}
 q - a scroll of enchant armour {unknown}
 r - 3 scrolls of teleportation {unknown}
Potions
 i - a potion of resistance {unknown}
 k - a potion of agility {unknown}
 t - a potion of ambrosia {unknown}
 w - a potion of might {unknown}
 z - a potion of flight {unknown}
Books
 b - a book of Flames

   Spells                             Type                      Level
   a - Flame Tongue                   Conjuration/Fire             1
   b - Throw Flame                    Conjuration/Fire             2
   c - Conjure Flame                  Conjuration/Fire             3
   d - Inner Flame                    Hexes/Fire                   3
   e - Sticky Flame                   Conjuration/Fire             4
   f - Fireball                       Conjuration/Fire             5
Comestibles
 c - 6 chunks of flesh
 e - 3 bread rations {@e1}
 l - 2 meat rations {@e2}
 m - a beef jerky
 u - a royal jelly


   Skills:
 - Level 1.7 Dodging
 - Level 1.7 Stealth
 + Level 2.6 Spellcasting
 * Level 3.0 Conjurations
 * Level 3.7 Fire Magic


You had 4 spell levels left.
You knew the following spells:

 Your Spells              Type           Power        Failure   Level  Hunger
a - Flame Tongue          Conj/Fire      ##...        4%          1    #......
j - Conjure Flame         Conj/Fire      ##......     14%         3    ###....


Dungeon Overview and Level Annotations

Branches:
Dungeon (3/15)

Altars:


Innate Abilities, Weirdness & Mutations

You regenerate health from kills.


Message History

Casting: Flame Tongue
Confirm with . or Enter, or press ? or * to list all spells.
Aiming: Flame Tongue
Press: ? - help, Shift-Dir - straight line, f - orc
Aim: an orc, wielding a short sword and wearing a ring mail The flame tongue hits the orc.
The orc appears unharmed.
The orc hits you with a short sword.
You take 2 damage, and have 28/30 hp.
You now have 1/7 mp.
Casting: Flame Tongue
Confirm with . or Enter, or press ? or * to list all spells.
Aiming: Flame Tongue
Press: ? - help, Shift-Dir - straight line, f/p - orc
Aim: an orc, wielding a short sword and wearing a ring mail The flame tongue misses the orc.
The orc hits you with a short sword.
You take 2 damage, and have 26/30 hp.
You now have 0/7 mp.
Casting: Flame Tongue
Confirm with . or Enter, or press ? or * to list all spells.
You don't have enough magic to cast that spell.
No previous command to re-do.
No previous command to re-do.
You barely miss the orc. The orc hits you but does no damage.
You completely miss the orc. The orc closely misses you.
You regained 2 hp, and now have 29/30 hp.
You hit the orc.
The orc is moderately wounded.
You hit the orc but do no damage.
The orc is moderately wounded.
The orc closely misses you.
Health restored: 30 You hit the orc.
The orc is heavily wounded.
The orc hits you with a short sword.
You take 3 damage, and have 27/30 hp.
You hit the orc but do no damage.
The orc is heavily wounded.
You closely miss the orc.
The orc is heavily wounded.
The orc hits you with a short sword!
You take 6 damage, and have 22/30 hp.
You hit the orc but do no damage.
The orc is heavily wounded.
The orc hits you with a short sword.
You take 5 damage, and have 17/30 hp.
You are too injured to fight recklessly!
You are too injured to fight recklessly!
You are too injured to fight recklessly!
You are too injured to fight recklessly!
You are too injured to fight recklessly!
You are too injured to fight recklessly!
You are too injured to fight recklessly!
You are too injured to fight recklessly!
You are too injured to fight recklessly!
You are too injured to fight recklessly!
You are too injured to fight recklessly!
You are too injured to fight recklessly!
You are too injured to fight recklessly!
You are too injured to fight recklessly!
You are too injured to fight recklessly!
You are too injured to fight recklessly!
You are too injured to fight recklessly!
You are too injured to fight recklessly!
You are too injured to fight recklessly!
You are too injured to fight recklessly!
You are too injured to fight recklessly!
You are too injured to fight recklessly!
You are too injured to fight recklessly!
You are too injured to fight recklessly!
You are too injured to fight recklessly!
You are too injured to fight recklessly!
You are too injured to fight recklessly!
You hit the orc.
The orc is severely wounded.
You hit the orc but do no damage.
The orc is severely wounded.
The orc hits you but does no damage.
You hit the orc but do no damage.
The orc is severely wounded.
The orc hits you with a short sword.
You take 2 damage, and have 17/30 hp.
You barely miss the orc.
The orc is severely wounded.
You hit the orc.
You kill the orc!
You closely miss the orc. The orc hits you with a hand axe!
* * * LOW HITPOINT WARNING * * *
You take 8 damage, and have 10/30 hp.
O_OOPS!!
MASSIVE DAMAGE!!
You closely miss the orc. You hit the orc but do no damage.
The orc hits you with a hand axe.
* * * LOW HITPOINT WARNING * * *
You take 5 damage, and have 5/30 hp.
You hit the orc but do no damage. The orc closely misses you.
You hit the orc.
The orc is moderately wounded.
Casting: Flame Tongue
Confirm with . or Enter, or press ? or * to list all spells.
Aiming: Flame Tongue
Press: ? - help, Shift-Dir - straight line, f - orc
Aim: an orc, wielding a hand axe and wearing a leather armour (moderately wounded)
The flame tongue misses the orc.
The orc hits you with a hand axe!
You die...

....█ ?.█
..... █.█
......█.█
....█.█.█
█.....█████
███....)..█
█..████.█
█..█<.█o█
█..█..█@█
o..█.██.█
.██.█....█
.. █.██████
██ █.


You could see an orc.

Vanquished Creatures
  4 adders (D:2)
  An ooze (D:1)
  2 worms (D:3)
  2 dart slugs (D:1)
  A leopard gecko (D:2)
  4 orcs
  2 ball pythons
  5 giant cockroaches
  4 goblins
  7 hobgoblins (D:2)
  3 jackals (D:1)
  7 kobolds
  2 quokkas (D:2)
  4 bats
  5 frilled lizards
  5 rats
58 creatures vanquished.

Notes
Turn   | Place    | Note
-------+----------+-------------------------------------------
     0 | D:1      | Goblin1989 the Demonspawn Fire Elementalist began the quest for the Orb.
     0 | D:1      | Reached XP level 1. HP: 13/13 MP: 3/3
   278 | D:1      | Gained mutation: You regenerate a little health from kills. [demonic ancestry]
   278 | D:1      | Reached XP level 2. HP: 14/19 MP: 0/5
  1284 | D:2      | Found a faded altar of an unknown god.
  1399 | D:2      | Reached XP level 3. HP: 19/24 MP: 6/6
  1412 | D:2      | Learned a level 3 spell: Conjure Flame
  1901 | D:2      | Gained mutation: You regenerate health from kills. [demonic ancestry]
  1901 | D:2      | Reached XP level 4. HP: 26/30 MP: 4/7
  2501 | D:3      | Slain by an orc

Skill      XL: |  1  2  3  4 |
---------------+-------------+-----
Conjurations   | 2 3 |  3.0
Fire Magic     | 3 |  3.7
Dodging        | |  1.7
Stealth        | |  1.7
Spellcasting   | |  2.6

Action                   |  1- 3 |  4- 6 || total
-------------------------+-------+-------++-------
Melee: Dagger            |    54 |    75 ||   129
 Cast: Flame Tongue      |    54 |    18 ||    72
  Use: Potion            |     1 |       ||     1
 Stab: Sleeping          |     2 |     2 ||     4
  Eat: Chunk             |     4 |     2 ||     6
Armor: Robe              |    13 |     7 ||    20
Dodge: Dodged            |    58 |    31 ||    89

Vault maps used:
D:1:      dpeg_arrival_boxorama
D:2:      first_bread, ecumenical_altar_2
